 Dungeon Crawl Stone Soup version 0.26.0-57-g60708a5e39 (webtiles) character file.

Game seed: 8087134539362075695

12501 kaeus the Martial Artist (level 11, -6/114 HPs)
             Began as a Yellow Draconian Transmuter on Feb 1, 2021.
             Was a High Priest of Cheibriados.
             Splashed by an oklob plant's acid (10 damage)
             ... on level 1 of the Lair of Beasts.
             The game lasted 00:24:42 (19660 turns).

kaeus the Martial Artist (DrTm)                    Turns: 19660, Time: 00:24:43

Health: -6/114     AC:  3    Str: 26    XL:     11   Next: 63%
Magic:  12/15      EV: 18    Int: 26    God:    Cheibriados [*****.]
Gold:   886        SH:  0    Dex: 34    Spells: 5/18 levels left

rFire    x . .     SeeInvis .     - Unarmed
rCold    + + +     Faith    .   (shield currently unavailable)
rNeg     . . .     Spirit   .   (armour unavailable)
rPois    +         Reflect  .   (helmet currently unavailable)
rElec    .         Harm     .   (cloak currently unavailable)
rCorr    .         Rampage  .   (gloves currently unavailable)
Will     .....                  (boots currently unavailable)
Stlth    +++.......             (no amulet)
HPRegen  0.29/turn              g - ring of poison resistance
MPRegen  0.14/turn              p - +6 ring of dexterity

@: ice-form, corroded, very slow
A: large, (spit acid), unfitting armour, low mp 1, mutation resistance 1, AC +7
a: End Transformation, Renounce Religion, Bend Time, Temporal Distortion,
Slouch, Step From Time


You were on level 1 of the Lair of Beasts.
You worshipped Cheibriados.
Cheibriados was extremely pleased with you.
You were a creature of crystalline ice.
You visited 3 branches of the dungeon, and saw 12 of its levels.

You collected 886 gold pieces.

Inventory:

Armour
 s - a scarf of repulsion
 u - a +2 cloak of preservation (melded)
 y - a +0 pair of boots (melded)
 A - a +0 buckler
 D - a +2 hat (melded)
Magical Staves
 t - an uncursed staff of earth
 E - an uncursed staff of air
Jewellery
 g - a ring of poison resistance (left front paw)
 m - an uncursed ring of positive energy
 p - a +6 ring of dexterity (right front paw)
Wands
 c - a wand of acid (8)
 i - a wand of enslavement (13)
 o - a wand of disintegration (13)
 B - a wand of iceblast (14)
 C - a wand of paralysis (11)
 I - a wand of digging (7)
Scrolls
 b - 2 scrolls of immolation {unknown}
 d - 2 scrolls of identify
 j - 6 scrolls of remove curse
 k - 4 scrolls of teleportation {unknown}
 l - 4 scrolls of enchant weapon {unknown}
 n - 2 scrolls of magic mapping {unknown}
 r - a scroll of fear {unknown}
 F - a scroll of fog {unknown}
 G - a scroll of brand weapon {unknown}
 H - a scroll of amnesia {unknown}
Potions
 a - 4 potions of ambrosia
 e - 5 potions of curing
 f - a potion of attraction
 h - 5 potions of brilliance
 q - a potion of might {unknown}
 v - a potion of flight {unknown}
 w - a potion of invisibility {unknown}
 x - 2 potions of cancellation {unknown}
 z - a potion of magic {unknown}


   Skills:
 + Level 8.6 Fighting
 + Level 7.0 Dodging
 + Level 10.8 Unarmed Combat
 - Level 4.0 Spellcasting
 - Level 6.0 Transmutations
 - Level 4.9 Ice Magic
 - Level 1.5 Poison Magic
 - Level 8.0 Invocations


You had 5 spell levels left.
You knew the following spells:

 Your Spells              Type           Power        Failure   Level
a - Spider Form           Tmut/Pois      12%          5%          3
b - Beastly Appendage     Tmut           72%          1%          1
c - Ice Form              Ice/Tmut       33%          9%          4
d - Blade Hands           Tmut           18%          21%         5

Your spell library contained the following spells:

 Spells                   Type           Power        Failure   Level
 Wereblood                Tmut           36%          1%          2
 Passwall                 Tmut/Erth      16%          3%          2
 Ensorcelled Hibernation  Hex/Ice        36%          4%          2
 Corona                   Hex            5%           9%          1
 Sandblast                Erth           10%          9%          1
 Petrify                  Tmut/Erth      20%          24%         4
 Confusing Touch          Hex            5%           26%         3
 Dazzling Flash           Conj/Hex       10%          26%         3
 Stone Arrow              Conj/Erth      10%          26%         3
 Tukima's Dance           Hex            5%           26%         3
 Lee's Rapid Deconstruct  Erth           2%           93%         5


Dungeon Overview and Level Annotations

Branches:
Dungeon (10/15)            Temple (1/1) D:4            Lair (1/6) D:10
    Orc (0/2) D:9

Altars:
Ashenzari
Cheibriados
Dithmenos
Elyvilon
Fedhas
Gozag
Hepliaklqana
Kikubaaqudgha
Makhleb
Nemelex Xobeh
Okawaru
Qazlal
Ru
Sif Muna
Trog
Uskayaw
Vehumet
Wu Jian
Xom
Yredelemnul
Zin
The Shining One

Shops:
D:7 (   D:8 *   D:9 [:

Annotations:
Lair:1 exclusion: 2 oklob plants


Innate Abilities, Weirdness & Mutations

((You can spit globs of acid.))
((Your golden yellow scales are hard. (AC +7)))
You cannot fit into any form of body armour.
((You are cold-blooded and may be slowed by cold attacks.))
((You are resistant to acid. (rCorr)))
((Your flesh is heat resistant. (rF+)))
Your magical capacity is low. (-10% MP)
You are somewhat resistant to further mutation.


Message History

The oklob plant spits acid at you. The splash of acid hits you!
The acid corrodes you!
You are splashed with acid!
The oklob plant spits acid at you. The splash of acid hits you!
You are splashed with acid!
Marking area around an oklob plant as unsafe for travelling.
Found 9 gold pieces and a warped dagger.
You take 51 damage, and have 63/114 hp.
MASSIVE DAMAGE!!
The oklob plant spits acid at you. The splash of acid hits you!
You are splashed with acid!
The oklob plant spits acid at you. The splash of acid hits you!
* * * LOW HITPOINT WARNING * * *
You are splashed with acid!
* * * LOW HITPOINT WARNING * * *
You take 51 damage, and have 12/114 hp.
MASSIVE DAMAGE!!
The oklob plant spits acid at you. The splash of acid hits you!
* * * LOW HITPOINT WARNING * * *
You are splashed with acid!
You die...

.............#..........#
..##.###.....#.........##
.##..##......#......#..#
.##...#.............#..#
.##...#......#.........#
.##...##.....#......#..#
.###.P##.....#......#..
.#.#.###.....##..###.#####
..÷.........÷÷..Y........$
.......................$?)
......................?..P
.....................P[P$.
.....................P!.$.
.....................#####
###+####......#..#####
........#....#####
.............


You could see an oklob plant.

Vanquished Creatures
  2 hydras (Lair:1)
  A two-headed ogre (D:9)
  Pikel (D:7)
  A deep elf mage (D:7)
  A black mamba (Lair:1)
  Maurice (D:10)
  Joseph (D:7)
  A gargoyle (D:10)
  2 cane toads (Lair:1)
  2 trolls (D:10)
  Prince Ribbit (D:6)
  Sigmund (D:5)
  5 yaks
  A basilisk (Lair:1)
  Edmund (D:6)
  Menkaure (D:7)
  Duvessa (D:5)
  9 water moccasins
  4 ice beasts
  2 orc warriors (D:8)
  3 sky beasts
  A black bear (D:6)
  5 phantoms
  3 ogres
  4 centaurs
  2 lemures
  A big kobold (D:7)
  Blork the orc (D:5)
  7 bullfrogs
  Dowan (D:5)
  4 scorpions
  13 wights
  3 howler monkeys
  3 bullfrog zombies
  A quasit (D:7)
  2 centaur zombies (D:6)
  4 orc priests
  2 bullfrog skeletons
  2 hounds
  3 jellies
  Crazy Yiuf (D:6)
  3 centaur skeletons
  7 orc wizards (D:10)
  10 worker ants
  5 iguanas
  A hound skeleton (D:10)
  2 worker ant zombies
  A howler monkey skeleton (D:6)
  A gnoll (D:1)
  13 adders
  4 shadow imps
  A white imp (D:8)
  An ufetubus (D:5)
  3 adder skeletons
  2 adder zombies
  5 worms
  3 dart slugs
  A leopard gecko (D:3)
  21 orcs
  6 bats
  9 giant cockroaches
  13 goblins
  10 hobgoblins
  22 jackals
  3 quokkas
  A ball python (D:6)
  12 frilled lizards
  A jackal zombie (D:7)
  9 kobolds
  A leopard gecko zombie (D:5)
  9 rats
285 creatures vanquished.

Vanquished Creatures (others)
  An ogre (D:8)
  A scorpion (D:8)
  3 jackals (D:8)
  3 fungi (Lair:1)
  4 plants (Lair:1)
  5 toadstools (D:1)
17 creatures vanquished.

Grand Total: 302 creatures vanquished

Notes
Turn   | Place    | Note
-------+----------+-------------------------------------------
     0 | D:1      | kaeus the Draconian Transmuter began the quest for the Orb.
     0 | D:1      | Reached XP level 1. HP: 16/16 MP: 3/3
   853 | D:1      | Reached XP level 2. HP: 24/24 MP: 3/5
  1363 | D:1      | Reached XP level 3. HP: 19/30 MP: 4/6
  1475 | D:1      | Learned a level 3 spell: Spider Form
  2483 | D:2      | Reached skill level 1 in Poison Magic
  2483 | D:2      | Reached XP level 4. HP: 23/37 MP: 7/7
  2917 | D:2      | Found a radiant altar of Vehumet.
  3159 | D:2      | Found an ancient bone altar of Kikubaaqudgha.
  3424 | D:2      | Found a glowing golden altar of the Shining One.
  3570 | D:3      | Found a blossoming altar of Fedhas.
  3778 | D:3      | Reached XP level 5. HP: 42/42 MP: 9/9
  3799 | D:3      | Reached skill level 4 in Unarmed Combat
  4365 | D:4      | Noticed a phantom
  4391 | D:4      | Killed a phantom
  4392 | D:4      | Reached skill level 5 in Unarmed Combat
  4581 | D:4      | Reached XP level 6. HP: 50/50 MP: 6/10
  4609 | D:4      | Reached skill level 6 in Unarmed Combat
  4636 | D:4      | Learned a level 4 spell: Ice Form
  4665 | D:4      | Found a staircase to the Ecumenical Temple.
  4821 | D:4      | Found a white marble altar of Elyvilon.
  5208 | Temple   | Entered the Ecumenical Temple
  5391 | Temple   | Became a worshipper of Cheibriados the Contemplative
  5431 | D:5      | Entered Level 5 of the Dungeon
  5441 | D:5      | Noticed Sigmund
  5449 | D:5      | Killed Sigmund
  5450 | D:5      | Reached skill level 7 in Unarmed Combat
  5450 | D:5      | Your scales start taking on a golden yellow colour.
  5450 | D:5      | Reached XP level 7. HP: 46/56 MP: 7/11
  5450 | D:5      | Gained mutation: You are resistant to acid. (rCorr) [Yellow
                  | Draconian growth]
  5528 | D:5      | Noticed Duvessa
  5530 | D:5      | Noticed Dowan
  5541 | D:5      | Killed Duvessa
  5546 | D:5      | Killed Dowan
  5547 | D:5      | Reached skill level 8 in Unarmed Combat
  6010 | D:5      | Reached skill level 1 in Ice Magic
  6010 | D:5      | Reached skill level 1 in Invocations
  6477 | D:5      | Gained mutation: Your flesh is heat resistant. (rF+)
                  | [potion of mutation]
  6477 | D:5      | Gained mutation: Your magical capacity is low. (-10% MP)
                  | [potion of mutation]
  6477 | D:5      | Gained mutation: You are somewhat resistant to further
                  | mutation. [potion of mutation]
  6800 | D:5      | Reached XP level 8. HP: 55/62 MP: 4/11
  6864 | D:5      | Reached * piety under Cheibriados
  7115 | D:5      | Noticed Blork the orc
  7125 | D:5      | Killed Blork the orc
  7524 | D:6      | Found a shimmering altar of Xom.
  7532 | D:6      | Found a shimmering altar of Xom.
  7532 | D:6      | Found a shimmering altar of Xom.
  7574 | D:6      | Noticed Prince Ribbit
  7585 | D:6      | Killed Prince Ribbit
  7824 | D:6      | Found a shimmering altar of Xom.
  7827 | D:6      | Found a shimmering altar of Xom.
  7827 | D:6      | Found a shimmering altar of Xom.
  7827 | D:6      | Found a shimmering altar of Xom.
  7827 | D:6      | Found a shimmering altar of Xom.
  8416 | D:6      | Found a blossoming altar of Fedhas.
  8468 | D:6      | Reached ** piety under Cheibriados
  8515 | D:6      | Reached XP level 9. HP: 42/71 MP: 7/13
  8976 | D:6      | Found a runed translucent door.
  8977 | D:6      | Noticed Crazy Yiuf
  9047 | D:6      | Noticed Edmund
  9061 | D:6      | Killed Edmund
  9112 | D:6      | Found an iron altar of Okawaru.
  9353 | D:6      | Killed Crazy Yiuf
  9529 | D:7      | Found a bloodstained altar of Trog.
  9529 | D:7      | Noticed a deep elf mage
  9542 | D:7      | Killed a deep elf mage
  9543 | D:7      | Reached skill level 5 in Fighting
  9543 | D:7      | Reached skill level 9 in Unarmed Combat
 10031 | D:7      | Learned a level 5 spell: Blade Hands
 10082 | D:7      | Noticed Menkaure
 10126 | D:7      | HP: 3/67 [wight/+0 spear (5)]
 11347 | D:7      | Killed Menkaure
 11497 | D:7      | Found a hazy altar of Hepliaklqana.
 11506 | D:7      | Found Fuas's Antique Weapon Boutique.
 11521 | D:7      | Noticed Joseph
 11523 | D:7      | Noticed Pikel
 11972 | D:7      | Killed Pikel
 11973 | D:7      | Reached skill level 5 in Invocations
 11973 | D:7      | Reached XP level 10. HP: 83/83 MP: 1/14
 11991 | D:7      | Reached *** piety under Cheibriados
 12183 | D:7      | Killed Joseph
 12741 | D:8      | Reached skill level 5 in Dodging
 12849 | D:8      | Found Casuf Udeel's Demolitions Depot.
 14495 | D:8      | Found a burning altar of Makhleb.
 14553 | D:9      | Found Baiwaeph's Armour Emporium.
 14554 | D:9      | Found an ornate altar of the Wu Jian Council.
 15008 | D:9      | Found a staircase to the Orcish Mines.
 15227 | D:9      | Got a spiked plate armour
 15558 | D:9      | Reached **** piety under Cheibriados
 15578 | D:9      | Found a shadowy altar of Dithmenos.
 15865 | D:9      | Found Jugeann's Book Emporium.
 16326 | D:9      | Noticed a two-headed ogre
 16329 | D:9      | Killed a two-headed ogre
 16364 | D:9      | Found a sacrificial altar of Ru.
 16444 | D:10     | Entered Level 10 of the Dungeon
 16463 | D:10     | Reached skill level 10 in Unarmed Combat
 16463 | D:10     | Reached skill level 5 in Transmutations
 16694 | D:10     | Noticed a gargoyle
 16701 | D:10     | Killed a gargoyle
 16835 | D:10     | Found a staircase to the Lair.
 16923 | D:10     | Reached XP level 11. HP: 90/92 MP: 10/15
 17366 | D:10     | Reached ***** piety under Cheibriados
 18031 | D:10     | Noticed Maurice
 18038 | D:10     | Killed Maurice
 18405 | Lair:1   | Entered Level 1 of the Lair of Beasts
 18520 | Lair:1   | Noticed a five-headed hydra
 18529 | Lair:1   | Killed a five-headed hydra
 19258 | Lair:1   | Noticed an eight-headed hydra
 19259 | Lair:1   | Noticed an oklob plant
 19270 | Lair:1   | Killed an eight-headed hydra
 19658 | Lair:1   | Noticed an oklob plant
 19660 | Lair:1   | HP: 4/114 [oklob plant/splash of acid (8)]
 19660 | Lair:1   | Splashed by an oklob plant's acid

Illustrated notes

Levels and vault maps discovered:
D:1:      ldierk_walled_garden, layout_basic, serial_forest,
          infiniplex_forest_clump_double, infiniplex_forest_clump_small,
          infiniplex_forest_straight_3, infiniplex_forest_end_3
D:2:      layout_rooms, tso_altar, nicolae_overflow_crystal_walls,
          vehumet_crystals, chequers_serial_rivers_micro_e
D:3:      layout_basic, lemuel_crystal_altar
D:4:      layout_rooms, old_standard_altar, minmay_temple_entry_tees,
          minmay_goblin_kobold_house
D:5:      minmay_octagon_keep, layout_basic, uniq_sigmund, uniq_blork_the_orc,
          uniq_duvessa
D:6:      layout_loops_ring, okawaru_gym_becter, xom_redecorated,
          roderic_nine_men_s_morris, fedhas_bush_and_centaur_altar, uniq_edmund,
          uniq_crazy_yiuf_cottage, uniq_prince_ribbit1
D:7:      cheibrodos_quashed, layout_loops_corners, nzn_hepliaklqana_mist_gate,
          serial_shops, shop_statue, st_stairs_3, david_defended_altar_elf,
          uniq_menkaure, uniq_joseph, uniq_pikel
D:8:      layout_loops_corners, kennysheep_little_box, nicolae_blasting_shop,
          minmay_misc_feat_rugged, lemuel_flame_loot_1
D:9:      layout_rooms, grunt_dithmenos_shadows, marbit_many_paths, orc_david_3,
          serial_shops, shop, basic_altar, eino_small_chamber_without_monster
D:10:     layout_basic, lair_entry_dummy, serial_rivers,
          chequers_serial_rivers_marsh, chequers_serial_rivers_small_a,
          chequers_serial_rivers_micro_c, chequers_serial_rivers_large_a,
          uniq_maurice
Temple:   bh_familiar_temple
Lair:1:   lemuel_ratsnest, layout_regular_city, beast_lair_carwin_9,
          minmay_lair_oklob_chamber

Skill      XL: |  1  2  3  4  5  6  7  8  9 10 11 |
---------------+----------------------------------+-----
Fighting       | 2 4 5 7 8 |  8.6
Poison Magic   | 1 |  1.5
Spellcasting   | 3 4 |  4.0
Unarmed Combat | 5 7 8 9 10 | 10.8
Dodging        | 2 3 4 6 7 |  7.0
Ice Magic      | 1 2 4 |  4.9
Invocations    | 1 3 5 6 8 |  8.0
Transmutations | 3 4 5 6 |  6.0

Action                   |  1- 3 |  4- 6 |  7- 9 | 10-12 || total
-------------------------+-------+-------+-------+-------++-------
Melee: Unarmed           |    98 |   194 |   325 |   326 ||   943
       Kick              |    20 |     4 |       |       ||    24
       Tailslap          |     7 |    11 |    18 |    45 ||    81
       Headbutt          |    13 |     6 |       |       ||    19
       Punch             |       |     3 |     3 |    14 ||    20
 Cast: Beastly Appendage |    23 |     5 |       |       ||    28
       Spider Form       |       |    12 |    35 |    15 ||    62
       Ice Form          |       |       |     2 |    12 ||    14
       Blade Hands       |       |       |       |     3 ||     3
 Abil: Breathe Acid      |       |       |       |     1 ||     1
  Use: Scroll            |       |       |     8 |     3 ||    11
       Potion            |       |       |     1 |       ||     1
 Stab: Sleeping          |       |     3 |     7 |     7 ||    17
       Distracted        |       |       |     2 |     1 ||     3
Armor: Skin              |    25 |    33 |    34 |    54 ||   146
Dodge: Dodged            |    44 |   126 |   301 |   351 ||   822
